 Dungeon Crawl Stone Soup version 0.30-a0-1075-gcd70e7a56d (webtiles) character file.

Game seed: 1921066347479482152

1696 horus123 the Vexing (level 8, 0/56 HPs)
             Began as a Demonspawn Hedge Wizard on Apr 14, 2023.
             Killed from afar by a steam dragon (21 damage)
             ... with a ball of steam
             ... on level 6 of the Dungeon.
             The game lasted 00:24:14 (9157 turns).

horus123 the Vexing (Demonspawn Hedge Wizard)       Turns: 9157, Time: 00:24:14

Health: 0/56       AC:  6    Str: 11    XL:     8   Next: 72%
Magic:  13/23      EV: 12    Int: 17    God:
Gold:   204        SH:  0    Dex: 17    Spells: 0/15 levels left

rFire   . . .      SeeInvis .    l - +1 dagger (drain)
rCold   . . .      Faith    .    (no shield)
rNeg    . . .      Spirit   .    b - +0 robe
rPois   .          Reflect  .    (helmet restricted)
rElec   .          Rampage  .    (no cloak)
rCorr   .                        (no gloves)
Will    .....                    (no boots)
Stlth   ++++                     (no amulet)
HPRegen 0.29/turn                h - ring of magical power
MPRegen 0.18/turn                t - +4 ring of protection

@: very slightly contaminated
A: antennae 1, thin skeletal structure 2, icemail 1, condensation shield
a: no special abilities


You were on level 6 of the Dungeon.
You visited 1 branch of the dungeon, and saw 6 of its levels.
You also visited: Sewer.

You collected 204 gold pieces.

Inventory:

Hand Weapons
 a - a +0 dagger
 j - a +0 long sword
 l - a +1 dagger of draining (weapon)
Armour
 b - a +0 robe (worn)
 g - a +0 helmet
Jewellery
 h - a ring of magical power (left hand)
 t - a +4 ring of protection (right hand)
 v - a ring of magical power
 F - a ring of positive energy
Scrolls
 c - a scroll of acquirement {unknown}
 e - a scroll of magic mapping
 f - 2 scrolls of fear
 q - 2 scrolls of teleportation
 r - 2 scrolls of enchant armour
 u - a scroll of poison
 y - 2 scrolls of butterflies {unknown}
 B - 2 scrolls of blinking {unknown}
 C - 2 scrolls of fog {unknown}
 E - a scroll of torment {unknown}
Potions
 d - a potion of magic
 i - a potion of resistance {unknown}
 k - a potion of invisibility {unknown}
 m - a potion of haste
 n - 2 potions of might {unknown}
 o - 3 potions of curing {unknown}
 p - 3 potions of attraction {unknown}
 s - 2 potions of cancellation {unknown}
 w - 3 potions of berserk rage {unknown}
 x - 2 potions of degeneration {unknown}
 z - a potion of lignification {unknown}
 A - a potion of heal wounds {unknown}
 D - a potion of flight {unknown}


   Skills:
 - Level 2.3 Fighting
 - Level 1.7 Dodging
 - Level 3.0 Stealth
 - Level 4.2 Spellcasting
 + Level 4.5 Conjurations
 - Level 6.3 Hexes
 - Level 6.1 Summonings
 - Level 0.8 Translocations


You couldn't memorise any spells.
You knew the following spells:

 Your Spells              Type           Power      Damage    Failure   Level
a - Magic Dart            Conj           72%        1d6       2%          1
b - Call Imp              Summ           48%        N/A       1%          2
c - Summon Mana Viper     Hex/Summ       24%        N/A       32%         5
d - Slow                  Hex            100%       N/A       1%          1
e - Searing Ray           Conj           36%        2d5       3%          2
f - Fulminant Prism       Conj/Hex       11%        3d9       17%         4

Your spell library contained the following spells:

 Spells                   Type           Power      Damage    Failure   Level
 Summon Small Mammal      Summ           96%        N/A       1%          1
 Apportation              Tloc           12%        N/A       11%         1
 Necrotise                Necr           12%        1d4       16%         1
 Blink                    Tloc           12%        N/A       17%         2
 Cigotuvi's Dreadful Rot  Necr/Pois/Air  6%         N/A       24%         2
 Mephitic Cloud           Conj/Pois/Air  8%         N/A       26%         3
 Gell's Gravitas          Tloc           6%         N/A       32%         3
 Teleport Other           Tloc           6%         N/A       32%         3
 Ozocubu's Armour         Ice            3%         N/A       43%         3
 Summon Forest            Summ/Tloc      7%         N/A       71%         5
 Metabolic Englaciation   Hex/Ice        7%         N/A       75%         5
 Animate Dead             Necr           3%         N/A       83%         4
 Summon Cactus Giant      Summ           12%        N/A       88%         6
 Alistair's Intoxication  Tmut/Pois      2%         N/A       99%         5
 Borgnjor's Vile Clutch   Necr/Erth      1%         N/A       99%         5
 Dispersal                Tloc           3%         N/A       100%        6
 Eringya's Noxious Bog    Tmut/Pois      1%         N/A       100%        6
 Simulacrum               Ice/Necr       1%         N/A       100%        6
 Haunt                    Necr/Summ      7%         N/A       100%        7
 Infestation              Necr           1%         N/A       100%        8


Dungeon Overview and Level Annotations

Branches:
Dungeon (6/15)              Sewer (visited)
 Temple: D:4-7

Altars:
Fedhas
Okawaru
Sif Muna
Trog

Shops:
D:1 *   D:4 (   D:6 ?


Innate Abilities, Weirdness & Mutations

You have a pair of small antennae on your head.
You have a moderately thin skeletal structure. (Dex +4, Stealth++)
A meltable icy envelope protects you from harm. (AC +0)
A meltable shield of frost defends you. (SH +0)


Message History

A nearby fungus withers and dies.
The fungus is engulfed in a cloud of scalding steam. x4
The searing ray hits the steam dragon.
The steam dragon is moderately wounded.
You finish channelling your searing ray.
A nearby fungus withers and dies.
The fungus is engulfed in a cloud of scalding steam. x4
The steam dragon breathes steam at you. The ball of steam misses you.
The steam dragon completely misses you. The steam dragon claws you.
Casting: Searing Ray (safe; 3% risk of failure)
Confirm with . or Enter, or press ? or * to list all spells.
A tiny devil pulls itself out of the air.
You are engulfed in a cloud of scalding steam.
The fungus is engulfed in a cloud of scalding steam.
A nearby fungus withers and dies. x2
The fungus is engulfed in a cloud of scalding steam.
A nearby fungus withers and dies.
The steam dragon misses you. The steam dragon closely misses you.
The steam dragon attacks as you move away!
The steam dragon barely misses you. x2; A nearby fungus withers and dies.
The steam dragon bites you but does no damage.
The steam dragon claws you but does no damage.
Your cerulean imp hits the steam dragon from afar with a -2 spear.
Casting: Call Imp (safe; 1% risk of failure)
Confirm with . or Enter, or press ? or * to list all spells.
The spell is quite dangerous to miscast (17% risk of failure)!
Continue anyway?
Aiming: Fulminant Prism (quite dangerous; 17% risk of failure)
Press: ? - help, Dir - move target, p - steam dragon
Okay, then.
You enter the shallow water.
Moving in this stuff is going to be slow.
The steam dragon breathes steam at you. The ball of steam hits you!
Your cerulean imp hits the steam dragon but does no damage.
You are engulfed in a cloud of scalding steam.
The steam dragon bites you. The steam dragon barely misses you.
The steam dragon breathes steam at you. The ball of steam hits you!!
You die...

#.~.....##.............
#......~P#.#....#......
#~~....P^#.###.##.....#
#.§~..§##.# #.##.....#
#5..~P#..# #.####...#
#§§.##..# #.# #...#
#...#..## #.# #...#
#~DD#..####.####...#
#.§@#..#............
#~..#..#...##.......
#≈.P#..........#....
#P.##..#...##..#....
#..##..#.......#....
##.[##..#....##.####.
#P.P##..####†##.####.
#..^##...............
#^.~#........#...###.


You could see 2 steam dragons.

Vanquished Creatures
  Grinder (D:5)
  A water moccasin (D:6)
  A black bear (D:4)
  3 ogres
  A phantom (D:5)
  Blork the orc (D:6)
  A scorpion (D:5)
  A howler monkey (D:5)
  3 hounds
  A jelly (D:5)
  An orc priest (D:3)
  3 iguanas
  2 sleepcaps (D:6)
  An orc wizard (D:5)
  Robin (D:2)
  10 gnolls
  20 adders
  2 river rats (Sewer)
  An ufetubus (D:6)
  6 worms
  4 dart slugs (D:1)
  7 orcs
  8 endoplasms
  4 giant cockroaches
  12 goblins
  11 hobgoblins
  4 jackals
  9 kobolds
  3 quokkas
  7 ball pythons
  7 bats
  9 frilled lizards
  9 rats
155 creatures vanquished.

Vanquished Creatures (collateral kills)
  An electric eel (D:6)
  A gnoll (D:5)
  An orc (D:4)
3 creatures vanquished.

Vanquished Creatures (others)
  6 fungi (D:6)
  A plant (D:2)
7 creatures vanquished.

Grand Total: 165 creatures vanquished

Notes
Turn   | Place    | Note
-------+----------+-------------------------------------------
     0 | D:1      | horus123 the Demonspawn Hedge Wizard began the quest for
                  | the Orb.
     0 | D:1      | Reached XP level 1. HP: 13/13 MP: 4/4
   202 | D:1      | Found Yrghuwku's General Store.
   495 | D:1      | Gained mutation: A meltable shield of frost defends you.
                  | (SH +0) [demonic ancestry]
   495 | D:1      | Reached XP level 2. HP: 19/19 MP: 4/6
   978 | D:1      | Gained mutation: You have a pair of small antennae on your
                  | head. [demonic ancestry]
   978 | D:1      | Reached XP level 3. HP: 24/24 MP: 6/8
  1560 | D:1      | Learned a level 2 spell: Call Imp
  2097 | D:2      | Found a faded altar of an unknown god.
  2146 | D:2      | Noticed Robin
  2294 | D:2      | Gained mutation: You have a somewhat thin skeletal
                  | structure. (Dex +2, Stealth+) [demonic ancestry]
  2294 | D:2      | Reached XP level 4. HP: 18/30 MP: 9/9
  2434 | D:2      | Killed Robin
  3506 | D:3      | Gained mutation: You have a moderately thin skeletal
                  | structure. (Dex +4, Stealth++) [demonic ancestry]
  3506 | D:3      | Reached XP level 5. HP: 32/35 MP: 10/10
  3963 | D:3      | Reached skill level 1 in Fighting
  4583 | D:3      | Learned a level 5 spell: Summon Mana Viper
  4585 | D:3      | Learned a level 1 spell: Slow
  4700 | D:4      | Found Goxehyny's Weapon Boutique.
  4913 | D:3      | Gained mutation: A meltable icy envelope protects you from
                  | harm. (AC +0) [demonic ancestry]
  4913 | D:3      | Reached XP level 6. HP: 38/44 MP: 11/11
  5132 | D:4      | Learned a level 2 spell: Searing Ray
  5203 | D:4      | Found a glowing drain.
  5228 | Sewer    | Entered a sewer
  6267 | D:4      | Reached XP level 7. HP: 34/50 MP: 13/13
  6700 | D:5      | Entered Level 5 of the Dungeon
  7158 | D:5      | Found a shimmering blue altar of Sif Muna.
  7170 | D:5      | Found an iron altar of Okawaru.
  7211 | D:5      | Reached skill level 5 in Summonings
  7411 | D:5      | Found a bloodstained altar of Trog.
  7449 | D:5      | Found a blossoming altar of Fedhas.
  7559 | D:5      | Reached XP level 8. HP: 56/56 MP: 7/14
  7879 | D:5      | Learned a level 4 spell: Fulminant Prism
  8061 | D:6      | Noticed Grinder
  8258 | D:5      | Killed Grinder
  8259 | D:5      | Reached skill level 5 in Hexes
  8555 | D:6      | Noticed Blork the orc
  8570 | D:6      | Killed Blork the orc
  8727 | D:6      | Found Deina's Magic Scroll Shoppe.
  9157 | D:6      | Killed from afar by a steam dragon

Illustrated notes

Levels and vault maps discovered:
D:1:      giann_wishing_wells, layout_loops_ring, serial_shops,
          nicolae_shop_statue_plus
D:2:      layout_basic, dreamdust_ecumenical_altar_grove,
          minmay_increasing_density, uniq_robin
D:3:      minmay_angry_zag, layout_rooms, zin_treasury, minmay_cupped
D:4:      layout_loops_corners, portal_sewer_entry_d, serial_shops,
          nicolae_stop_n_shop_1
D:5:      layout_cave_pools, lightli_temple_of_fire,
          mainiacjoe_overflow_surrounded_room, amethyst_overflow_temple_binary
D:6:      kennysheep_steamy, layout_basic, nicolae_overflow_hidden_temple,
          serial_shops, shop, nicolae_water_bricks, uniq_grinder,
          uniq_blork_the_orc

Skill      XL: |  1  2  3  4  5  6  7  8 |
---------------+-------------------------+-----
Stealth        | 2 3 |  3.0
Conjurations   | 2 3 4 |  4.5
Fighting       | 2 |  2.3
Summonings     | 2 3 6 |  6.1
Spellcasting   | 4 |  4.2
Hexes          | 3 6 |  6.3
Dodging        | |  1.7
Translocations | |  0.8

Action                     |  1- 3 |  4- 6 |  7- 9 || total
---------------------------+-------+-------+-------++-------
  Melee: Dagger            |    26 |    58 |    12 ||    96
         Punch             |     1 |       |       ||     1
         Long sword        |     9 |    11 |       ||    20
   Cast: Magic Dart        |   105 |   226 |    57 ||   388
         Call Imp          |       |    10 |    11 ||    21
         Searing Ray       |       |     5 |    38 ||    43
         Slow              |       |       |     1 ||     1
    Use: Potion            |       |     1 |       ||     1
         Scroll            |       |     6 |     1 ||     7
   Stab: Sleeping          |       |     6 |       ||     6
 Armour: Robe              |     7 |    40 |    32 ||    79
  Dodge: Dodged            |    29 |    61 |    51 ||   141
  Block: Other             |    11 |    28 |     8 ||    47

Table legend: (Time is in decaauts)
 A = Elapsed time spent in this place.
 B = Non-inter-level travel time spent in this place.
 C = Inter-level travel time spent in this place.
 D = Time resting spent in this place.
 E = Time spent auto-exploring this place.
 F = Levels seen in this place.
 G = Mean time per level.
                   A        B        C        D        E       F      G
               +--------+--------+--------+--------+--------+-----+--------+
         Total |   9245 |   9131 |    114 |   2206 |   5141 |   7 | 1320.7 |
       Dungeon |   8536 |   8422 |    114 |   2006 |   4842 |   6 | 1422.7 |
         Sewer |    708 |    708 |      0 |    200 |    298 |   1 |  708.0 |
               +--------+--------+--------+--------+--------+-----+--------+

Top non-repeatable levels by time:
     D:2: 1768 daAuts
     D:1: 1612 daAuts
     D:3: 1489 daAuts
     D:5: 1431 daAuts
     D:4: 1207 daAuts
     D:6: 1027 daAuts
   Sewer: 708 daAuts
